 Dungeon Crawl Stone Soup version 0.19-a0-578-g4cfc824 (webtiles) character file.

2346 Etesian the Cleaver (level 9, 71/71 HPs)
             Began as a Formicid Fighter on June 9, 2016.
             Was an Initiate of Ru.
             Quit the game on level 7 of the Dungeon.
             The game lasted 00:14:39 (6488 turns).

Etesian the Cleaver (Formicid Fighter)              Turns: 6488, Time: 00:14:39

Health: 71/71      AC: 16    Str: 23    XL:     9   Next: 71%
Magic:  8/8        EV:  6    Int:  9    God:    Ru [......]
Gold:   277        SH: 11    Dex: 10    Spells: 0 memorised, 8 levels left

rFire  . . .     SeeInvis +     a - +1 war axe
rCold  + . .     Gourm    +     r - +0 plate armour (curse)
rNeg   . . .     Faith    .     c - +0 shield
rPois  .         Spirit   .     (helmet unavailable)
rElec  +         Dismiss  .     n - +2 cloak
rCorr  .         Reflect  .     h - +0 pair of gloves
SustAt .         Harm     .     (no boots)
MR     .....                    x - amulet of the gourmand
Stlth  ..........               s - +4 ring of protection
                                l - ring of protection from cold

@: not resistant to hostile enchantments, extremely unstealthy
A: permanent stasis, dig shafts and tunnels, four strong arms, antennae 3,
deformed body, low mp 1, sense surroundings 2, electricity resistance
a: Dig, Shaft Self, Renounce Religion


You were on level 7 of the Dungeon.
You worshipped Ru.
Ru was noncommittal.
You were very full.

You visited 2 branches of the dungeon, and saw 8 of its levels.

You collected 403 gold pieces.
You spent 126 gold pieces at shops.

Inventory:

Hand Weapons
 a - a +1 war axe (weapon)
Missiles
 d - 49 bolts
Armour
 c - a +0 shield (worn)
 h - a +0 pair of gloves (worn)
 n - a +2 cloak (worn)
 r - a cursed +0 plate armour (worn)
Jewellery
 l - a ring of protection from cold (left hand)
 s - a +4 ring of protection (right hand)
 x - an amulet of the gourmand (around neck)
Scrolls
 q - 4 scrolls of remove curse
 u - a scroll of amnesia
 w - a scroll of enchant weapon
 y - a scroll of fear
Potions
 e - 3 potions of curing
 i - a potion of heal wounds {unknown}
 j - a potion of brilliance
 k - 4 potions of haste
 o - a potion of mutation {unknown}
 p - a potion of flight {unknown}
 t - 2 potions of berserk rage {unknown}
 v - 2 potions of degeneration {unknown}
 A - a potion of lignification {unknown}
Comestibles
 b - a slice of pizza
 f - 7 bread rations
 g - 4 meat rations
 m - 2 royal jellies


   Skills:
 + Level 6.8 Fighting
 * Level 8.0 Axes
 + Level 7.1 Armour
 + Level 7.4 Shields


You had 8 spell levels left.
You didn't know any spells.

Dungeon Overview and Level Annotations

Branches:
Dungeon (7/15)             Temple (1/1) D:7

Altars:
Ashenzari
Cheibriados
Dithmenos
Elyvilon
Fedhas
Gozag
Makhleb
Nemelex Xobeh
Okawaru
Pakellas
Qazlal
Ru
Trog
Uskayaw
Vehumet
Yredelemnul
Zin
The Shining One

Shops:
D:5 *


Innate Abilities, Weirdness & Mutations

You are under a permanent stasis effect.
You can dig through walls and to a lower floor.
Your four strong arms can wield two-handed weapons with a shield.
You have a pair of large antennae on your head. (SInv)
Armour fits poorly on your strangely shaped body.
Your magical capacity is low. (-10% MP)
You passively map the area around you.
You are resistant to electric shocks. (rElec)


Message History

The giant frog skeleton completely misses you.
You block the giant frog skeleton's attack.
You slash the giant frog skeleton!
You destroy the giant frog skeleton!
No target in view!
No target in view!
No target in view!
No target in view!
No target in view!
No target in view!
No target in view!
No target in view!
No target in view!
No target in view!
No target in view!
No target in view!
You swing at nothing.
Quiver which item? (- for none, * to show all) (? for menu, Esc to quit)
Okay, then.
Are you sure you want to abandon this character and quit the game? (Confirm with "yes".)

#......#
####.......###....
########.#
#..........'......
#.#.#.##...#'#.#######
#...#.##...#_#.#
#..........###.#
#...#.##.......#######
#...'............[....
,.....#.################
, ... #@#* ......†..# *
* *,.........#** ,
*,.......... * ,
*,.....##.#.. .....
#.#... *, .... #.#...# ,
* * * ####* #...... ,, *
*,, **


There were no monsters in sight!

Vanquished Creatures
  Sigmund (D:2)
  A hippogriff (D:7)
  Menkaure (D:7)
  A sky beast (D:7)
  A black bear (D:6)
  An orc warrior (D:7)
  5 ogres
  A centaur (D:6)
  3 giant frogs
  A wyvern zombie (D:6)
  A water moccasin skeleton (D:5)
  A scorpion (D:4)
  2 crimson imps
  Crazy Yiuf (D:3)
  A centaur skeleton (D:5)
  An orc priest (D:5)
  2 orc wizards
  A giant frog skeleton (D:7)
  Natasha (twice) (D:3)
  Terence (D:2)
  Ijyb (D:2)
  2 iguanas
  4 worker ants
  2 hound zombies (D:6)
  2 hound skeletons
  3 gnolls (D:7)
  A howler monkey skeleton (D:6)
  11 adders
  An ooze (D:1)
  2 adder skeletons
  3 worms
  A dart slug (D:2)
  2 giant geckos
  18 orcs
  6 bats
  3 giant cockroaches
  8 goblins
  9 hobgoblins
  2 jackals (D:5)
  4 kobolds
  2 quokkas (D:3)
  2 ball pythons
  A ball python skeleton (D:6)
  A giant cockroach zombie (D:6)
  A giant gecko skeleton (D:4)
  4 giant newts
  7 rats
  A bush (D:3)
  3 fungi (D:3)
136 creatures vanquished.

Notes
Turn   | Place    | Note
--------------------------------------------------------------
     0 | D:1      | Etesian the Formicid Fighter began the quest for the Orb.
     0 | D:1      | Reached XP level 1. HP: 18/18 MP: 1/1
   225 | D:1      | Reached XP level 2. HP: 24/24 MP: 2/2
   696 | D:1      | Reached XP level 3. HP: 30/30 MP: 3/3
   924 | D:2      | Noticed Terence
   930 | D:2      | Killed Terence
   930 | D:2      | Reached XP level 4. HP: 36/37 MP: 4/4
   966 | D:2      | Reached skill level 3 in Axes
   972 | D:2      | Noticed Sigmund
   982 | D:2      | Noticed Ijyb
   996 | D:2      | Killed Ijyb
  1005 | D:2      | Killed Sigmund
  1005 | D:2      | Reached skill level 4 in Axes
  1005 | D:2      | Reached XP level 5. HP: 6/43 MP: 5/5
  1005 | D:2      | Reached XP level 6. HP: 7/49 MP: 6/6
  2097 | D:3      | Noticed Natasha
  2101 | D:3      | Killed Natasha
  2358 | D:3      | Reached XP level 7. HP: 55/55 MP: 7/7
  2402 | D:3      | Noticed Natasha
  2413 | D:3      | Killed Natasha
  2524 | D:3      | Noticed Crazy Yiuf
  2531 | D:3      | Killed Crazy Yiuf
  2531 | D:3      | Reached skill level 5 in Shields
  2737 | D:3      | Reached skill level 5 in Armour
  2972 | D:4      | Reached skill level 5 in Axes
  3250 | D:4      | Found a bloodstained altar of Trog.
  3535 | D:4      | Reached skill level 5 in Fighting
  3559 | D:5      | Entered Level 5 of the Dungeon
  3567 | D:5      | Reached XP level 8. HP: 20/62 MP: 8/8
  3975 | D:5      | Found Laitet's Assorted Antiques.
  3987 | D:5      | Bought a scroll labeled YNASYSOOPN for 21 gold pieces
  3987 | D:5      | Bought a scroll labeled TENAYS CYBYUMY for 21 gold pieces
  3987 | D:5      | Bought a copper wand for 84 gold pieces
  4019 | D:5      | Reached skill level 6 in Axes
  4766 | D:6      | Reached XP level 9. HP: 53/69 MP: 9/9
  5232 | D:7      | Reached skill level 7 in Axes
  5661 | D:7      | Noticed Menkaure
  5669 | D:7      | Killed Menkaure
  5739 | D:7      | Found a glowing golden altar of the Shining One.
  5848 | D:7      | Found a blossoming altar of Fedhas.
  5852 | D:7      | Found a sparkling altar of Nemelex Xobeh.
  5855 | D:7      | Found a shattered altar of Ashenzari.
  5868 | D:7      | Found a staircase to the Ecumenical Temple.
  5906 | Temple   | Entered the Ecumenical Temple
  6199 | Temple   | Became a worshipper of Ru the Awakened
  6251 | D:7      | Reached skill level 8 in Axes
  6433 | D:7      | Found an iron altar of Okawaru.
  6472 | D:7      | Gained mutation: You passively map a small area around you. [mutagenic meat]
  6473 | D:7      | Gained mutation: You passively map the area around you. [mutagenic meat]
  6474 | D:7      | Gained mutation: Your magical capacity is low. (-10% MP) [mutagenic meat]
  6475 | D:7      | Gained mutation: Armour fits poorly on your strangely shaped body. [mutagenic meat]
  6477 | D:7      | Gained mutation: You are resistant to electric shocks. (rElec) [mutagenic meat]
  6488 | D:7      | Quit the game

Vault maps used:
D:1:      scummos_arrival_gate
D:2:      uniq_iyjb, uniq_sigmund, uniq_terence
D:3:      uniq_natasha, uniq_crazy_yiuf_cottage
D:4:      nicolae_overflow_hidden_temple, first_bread
D:5:      serial_shops, nicolae_shop_overgrown_old_shop, bh_walls_and_bars
D:6:      serial_park_tiny_pond
D:7:      nicolae_tso_carved_into_rock, kennysheep_mini, minitemple,
          minmay_temple_entry_statues_pillars, uniq_menkaure
Temple:   triangle_lava_temple_12

Skill      XL: |  1  2  3  4  5  6  7  8  9 |
---------------+----------------------------+-----
Shields        | 4 5 6 7 |  7.4
Axes           | 4 5 6 8 |  8.0
Fighting       | 4 5 6 |  6.8
Armour         | 4 5 6 7 |  7.1

Action                   |  1- 3 |  4- 6 |  7- 9 || total
-------------------------+-------+-------+-------++-------
Melee: War axe           |    38 |    99 |   408 ||   545
  Use: Scroll            |       |     5 |     9 ||    14
       Potion            |       |     1 |       ||     1
  Eat: Chunk             |       |     5 |    33 ||    38
Armor: Scale mail        |    16 |    35 |    98 ||   149
       Plate armour      |       |       |    63 ||    63
Dodge: Dodged            |     6 |    38 |    90 ||   134
Block: Shield            |    25 |    48 |   201 ||   274
